 Dungeon Crawl Stone Soup version 0.14-a0-629-g748cab2 (webtiles) character file.

3059 Malachi the Grappler (level 9, -8/76 HPs)
             Began as a Troll Wizard on Nov 5, 2013.
             Was an Initiate of Okawaru.
             Mangled by an orc priest
             ... wielding a -1,+0 orcish trident
              (10 damage)
             ... on Level 7 of the Dungeon.
             The game lasted 00:27:01 (8050 turns).

Malachi the Grappler (Troll Wizard)                 Turns: 8050, Time: 00:27:02

HP  -8/76        AC  5     Str 17      XL: 9   Next: 39%
MP  12/12        EV  9     Int 17      God: Okawaru [......]
Gold 341         SH  0     Dex  7 (8)  Spells:  4 memorised,  5 levels left

Res.Fire  : . . .   See Invis. : .     - Unarmed
Res.Cold  : . . .   Warding    : .   m - +0 robe (curse)
Life Prot.: . . .   Conserve   : .   (shield restricted)
Res.Poison: .       Res.Corr.  : .   b - +0 wizard hat
Res.Elec. : .       Clarity    : .   (no cloak)
Sust.Abil.: . .     Spirit.Shd : .   (gloves unavailable)
Res.Mut.  : .       Stasis     : .   (boots unavailable)
Res.Rott. : .       Flight     : +   (no amulet)
Gourmand  : +                        (no ring)
                                     (no ring)

@: flying, heavily drained, slightly resistant to hostile enchantments,
unstealthy
A: unfitting armour, claws 3, fast metabolism 3, gourmand, regeneration 2,
saprovore 2, tough skin 2, AC +1
a: Renounce Religion


You were on level 7 of the Dungeon.
You worshipped Okawaru.
Okawaru was noncommittal.
You were full.

You visited 1 branch of the dungeon, and saw 7 of its levels.

You collected 341 gold pieces.

Inventory:

Hand weapons
 l - a -1 orcish blowgun
Missiles
 n - 6 poisoned needles
Armour
 b - a +0 wizard hat (worn)
 m - a cursed +0 robe (worn)
Magical devices
 o - a wand of magic darts (8)
 q - a wand of random effects (6)
 F - a wand of paralysis (0)
Comestibles
 d - 4 meat rations
 g - 5 bread rations
 p - 2 apples
 u - a banana
 w - a lychee
Scrolls
 a - a scroll of immolation {unknown}
 e - 4 scrolls of identify
 i - 3 scrolls of teleportation
 s - a scroll of enchant weapon I
 y - 3 scrolls of fog
 A - a scroll of enchant armour {unknown}
 B - 4 scrolls of remove curse
 I - a scroll of recharging {unknown}
Potions
 f - a potion of brilliance
 h - a potion of cure mutation
 j - 2 potions of restore abilities
 k - a potion of agility
 r - a potion of magic {unknown}
 v - a potion of porridge
 x - a potion of paralysis
 G - 2 potions of berserk rage {unknown}
Books
 c - a book of Minor Magic

   Spells                             Type                      Level
   *Magic Dart                        Conjuration                  1
   *Blink                             Translocation                2
   *Call Imp                          Summoning                    2
   Repel Missiles                     Charms/Air                   2
   Slow                               Hexes                        2
   Conjure Flame                      Conjuration/Fire             3
   Mephitic Cloud                     Conjuration/Poison/Air       3
 C - a book of Transfigurations

   Spells                             Type                      Level
   *Stoneskin                         Transmutation/Earth          2
   Ice Form                           Ice/Transmutation            4
   Statue Form                        Transmutation/Earth          6
   Dragon Form                        Transmutation                7


   Skills:
 - Level 3.9(2.4) Fighting
 - Level 0.3(0.0) Throwing
 - Level 1.5(0.1) Dodging
 - Level 1.1(0.0) Stealth
 + Level 10.7(8.9) Unarmed Combat
 - Level 2.0(0.6) Spellcasting
 - Level 0.6(0.0) Conjurations
 + Level 1.3(0.0) Summonings
 + Level 0.6(0.0) Translocations
 * Level 3.8(2.3) Earth Magic
 - Level 0.1(0.0) Evocations


You had 5 spell levels left.
You knew the following spells:

 Your Spells              Type           Power        Failure   Level  Hunger
a - Magic Dart            Conj           #...         24%         1    ##.....
b - Blink                 Tloc           N/A          34%         2    ###....
c - Call Imp              Summ           #.........   34%         2    ###....
d - Stoneskin             Trmt/Erth      #.........   24%         2    ###....


Dungeon Overview and Level Annotations

Branches:
Dungeon (7/27)
 Temple: D:4-7          Orc: D:6-11

Altars:
Ashenzari
Elyvilon
Nemelex Xobeh
Okawaru
Sif Muna
Xom

Shops:
D:6 !


Innate Abilities, Weirdness & Mutations

You are too large for most types of armour.
You have claws for hands.
Your metabolism is lightning-fast.
You like to eat raw meat.
You heal very quickly.
You can eat rotten meat.
You are covered in fur (AC +1).
You have very tough skin (AC +2).


Message History

Read which item? (? for menu, Esc to quit)
As you read the scroll of fog, it crumbles to dust.
The scroll dissolves into smoke.
You hear some strange, mumbled words.
The puff of flame misses you.
The orc priest's eyes start to glow.
An orc comes into view.
Read which item? (? for menu, Esc to quit)
You can't read that!
Drink which item? (? for menu, Esc to quit)
You feel very buoyant.
You fly up into the air.
It was a potion of flight.
The orc shouts!
It hits you.
* * * LOW HITPOINT WARNING * * *
The orc wizard barely misses you. The orc hits you but does no damage.
It hits you but does no damage.
The orc zaps a wand.
You hear a grinding noise.
The orc priest hits you from afar with an orcish trident!
You die...

.................# #..
........%).......#### #..
###......####.......# #..
##......####.......# #..
..........(.#.......# #..
...................# #..
.....##..o.((......# #..
..... #.§o§(.(.....# #..
.... #§§@{§..##########..
....o'.§o§§(.'.>(..).....
...##.§§§§..##(########.
.. #.......##.# #.
#(......##.# #.
#.......##.# #.
#.......##.# #.
#.......##.# #.
########.# #.


You could see an orc priest, an orc wizard (bleeding) and 2 orcs.

Vanquished Creatures
  Eustachio (D:4)
  4 ogres
  2 centaurs
  An ice beast (D:6)
  A phantom (D:4)
  2 orc warriors (D:7)
  Blork the orc (D:6)
  5 wights
  A crimson imp (D:5)
  A goliath beetle (D:6)
  2 quasits
  A giant frog zombie (D:5)
  2 hounds (D:6)
  A jelly (D:6)
  3 orc priests
  3 gnoll shamans (D:6)
  3 orc wizards
  2 iguanas
  A scorpion (D:7)
  3 worker ants (D:6)
  Ijyb (D:2)
  Jessica (D:3)
  A worker ant zombie (D:7)
  6 adders
  35 gnolls
  A steam dragon skeleton (D:6)
  5 worms
  An adder zombie (D:6)
  A giant eyeball (D:4)
  4 giant geckos
  2 oozes
  18 orcs
  18 bats
  15 hobgoblins
  23 jackals
  16 kobolds
  3 ball pythons
  2 giant cockroaches
  5 giant newts
  A giant newt skeleton (D:5)
  19 goblins
  2 hobgoblin skeletons
  An orc zombie (D:5)
  A quokka (D:6)
  8 rats
  A rat skeleton (D:6)
  16 ballistomycetes (D:6)
247 creatures vanquished.

Vanquished Creatures (collateral kills)
  A kobold (D:6)
1 creature vanquished.

Vanquished Creatures (others)
  2 crimson imps (D:6)
  A white imp (D:6)
  A giant spore (D:6)
4 creatures vanquished.

Grand Total: 252 creatures vanquished

Notes
Turn   | Place    | Note
--------------------------------------------------------------
     0 | D:1      | Malachi, the Troll Wizard, began the quest for the Orb.
     0 | D:1      | Reached XP level 1. HP: 14/14 MP: 5/5
    71 | D:1      | Reached skill level 1 in Unarmed Combat
   151 | D:1      | Reached XP level 2. HP: 22/22 MP: 6/6
   636 | D:1      | Reached XP level 3. HP: 25/28 MP: 7/7
   730 | D:2      | Noticed Ijyb
   742 | D:2      | Killed Ijyb
   742 | D:2      | Reached skill level 1 in Fighting
   742 | D:2      | Reached skill level 3 in Unarmed Combat
   906 | D:2      | Reached XP level 4. HP: 36/36 MP: 8/8
  1059 | D:2      | Found a deep blue altar of Sif Muna.
  1430 | D:3      | Found a shattered altar of Ashenzari.
  1590 | D:3      | Reached skill level 4 in Unarmed Combat
  1602 | D:3      | Reached XP level 5. HP: 32/42 MP: 8/8
  1638 | D:3      | Found a sparkling altar of Nemelex Xobeh.
  1819 | D:3      | Noticed Jessica
  1824 | D:3      | Killed Jessica
  2022 | D:3      | Reached skill level 5 in Unarmed Combat
  2332 | D:3      | Found an iron altar of Okawaru.
  2451 | D:3      | Reached XP level 6. HP: 13/52 MP: 10/10
  2639 | D:4      | Found a white marble altar of Elyvilon.
  2674 | D:4      | Noticed Eustachio
  2693 | D:4      | Killed Eustachio
  2693 | D:4      | Reached skill level 6 in Unarmed Combat
  2809 | D:4      | Reached XP level 7. HP: 24/59 MP: 8/10
  2940 | D:4      | Learned a level 2 spell: Blink
  2943 | D:4      | Learned a level 2 spell: Call Imp
  3258 | D:4      | Paralysed by a giant eyeball for 3 turns
  3283 | D:4      | Reached skill level 7 in Unarmed Combat
  3431 | D:5      | Entered Level 5 of the Dungeon
  4276 | D:6      | Reached skill level 8 in Unarmed Combat
  4479 | D:6      | Found Chiank's Distillery.
  4533 | D:6      | Reached XP level 8. HP: 57/68 MP: 11/11
  4998 | D:6      | Noticed Blork the orc
  5011 | D:6      | Killed Blork the orc
  5125 | D:6      | Reached skill level 9 in Unarmed Combat
  5164 | D:6      | Learned a level 2 spell: Stoneskin
  5481 | D:6      | Reached skill level 1 in Earth Magic
  5499 | D:6      | HP: 3/68 [gnoll/runed spear (9)]
  5712 | D:3      | Became a worshipper of Warmaster Okawaru
  6607 | D:6      | Reached skill level 1 in Summonings
  6901 | D:6      | Reached skill level 10 in Unarmed Combat
  6901 | D:6      | Reached XP level 9. HP: 76/76 MP: 12/12
  7102 | D:7      | Found a shimmering altar of Xom.
  7825 | D:7      | HP: 1/76 [wight/glowing great sword (5)]
  8048 | D:7      | HP: 3/76 [orc priest/divine providence (10)]
  8050 | D:7      | Mangled by an orc priest

Action                   |  1- 3 |  4- 6 |  7- 9 || total
-------------------------+-------+-------+-------++-------
Melee: Unarmed           |   134 |   228 |   504 ||   866
 Fire: Blowgun           |       |       |     6 ||     6
 Cast: Magic Dart        |       |     2 |     3 ||     5
       Call Imp          |       |       |     6 ||     6
       Blink             |       |       |     1 ||     1
       Stoneskin         |       |       |     1 ||     1
Evoke: Wand              |       |       |     8 ||     8
  Use: Scroll            |       |     4 |    12 ||    16
       Potion            |       |       |     6 ||     6
 Stab: Sleeping          |       |     1 |       ||     1
       Paralysed         |       |       |    10 ||    10
